 Dungeon Crawl Stone Soup version 0.29-a0-870-g2c972031a6 (webtiles) character file.

Game seed: 4992610657364053925

133 Bane the Slasher (level 5, -5/42 HPs)
             Began as a Formicid Monk on July 17, 2022.
             Slain by a sky beast (6 damage)
             ... on level 4 of the Dungeon.
             The game lasted 00:04:29 (2304 turns).

Bane the Slasher (Formicid Monk)                    Turns: 2304, Time: 00:04:30

Health: -5/42      AC:  3    Str: 15    XL:     5   Next: 40%
Magic:  5/5        EV: 13    Int: 10    God:
Gold:   204        SH:  0    Dex: 18    Spells: 4/4 levels left

rFire   . . .      SeeInvis +   a - +0 falchion
rCold   . . .      Faith    .   (no shield)
rNeg    . . .      Spirit   .   g - +0 leather armour
rPois   .          Reflect  .   (helmet unavailable)
rElec   .          Harm     .   (no cloak)
rCorr   .          Rampage  .   (no gloves)
Will    .....                   (no boots)
Stlth   ++........              (no amulet)
HPRegen 0.14/turn               (no ring)
MPRegen 0.09/turn               (no ring)

@: no status effects
A: permanent stasis, dig shafts and tunnels, antennae 3, four strong arms
a: Dig, Shaft Self


You were on level 4 of the Dungeon.
You visited 1 branch of the dungeon, and saw 4 of its levels.

You collected 204 gold pieces.

Inventory:

Hand Weapons
 a - a +0 falchion (weapon)
Armour
 b - a +0 robe
 g - a +0 leather armour (worn)
Potions
 c - a potion of ambrosia
 f - a potion of magic {unknown}
 h - 6 potions of curing {unknown}
 i - a potion of flight {unknown}
 k - a potion of lignification {unknown}


   Skills:
 * Level 4.1 Fighting
 * Level 4.2 Long Blades
 * Level 2.2 Armour
 + Level 3.0 Dodging
 + Level 2.9 Stealth


You had 4 spell levels left.
You didn't know any spells.
Your spell library contained the following spells:

 Spells                   Type           Power      Damage    Failure   Level
 Ensorcelled Hibernation  Hex/Ice        0%         N/A       56%         2
 Passwall                 Tmut/Erth      0%         N/A       56%         2
 Gell's Gravitas          Tloc           0%         N/A       80%         3
 Lesser Beckoning         Tloc           0%         N/A       80%         3
 Teleport Other           Tloc           0%         N/A       80%         3
 Swiftness                Air            Unusable   N/A       N/A         3

Dungeon Overview and Level Annotations

Branches:
Dungeon (4/15)
 Temple: D:4-7

Altars:


Innate Abilities, Weirdness & Mutations

You cannot be hasted, slowed, berserked, paralysed or teleported.
You can dig through walls and to a lower floor.
You have a pair of large antennae on your head. (SInv)
Your four strong arms can wield two-handed weapons with a shield.


Message History

You see here an orc skeleton.
You now have 204 gold pieces (gained 11).
Found a leather armour.
An orc and a goblin come into view.
The orc moves out of view.
The orc shouts!
The goblin shouts!
You slash the goblin!
You kill the goblin!
You slash the orc!
You kill the orc!
You sense a monster nearby.
You open the door.
A sky beast and a ball python come into view.
There is an open door here.
You completely miss the sky beast. The sky beast hits you.
The sky beast shocks you.
You hit the sky beast.
The sky beast is lightly wounded.
The sky beast hits you. The sky beast shocks you.
You hit the sky beast but do no damage. Your punch misses the sky beast.
The sky beast is lightly wounded.
The sky beast closely misses you.
You hit the sky beast.
The sky beast is moderately wounded.
The sky beast flickers out of sight for a moment.
The sky beast hits you. The sky beast shocks you.
You hit the sky beast.
The sky beast is moderately wounded.
The sky beast hits you. The sky beast shocks you.
* * * LOW HITPOINT WARNING * * *
You closely miss the sky beast.
The sky beast is moderately wounded.
The sky beast hits you.
* * * LOW HITPOINT WARNING * * *
The sky beast shocks you.
* * * LOW HITPOINT WARNING * * *
The sky beast hits you.
* * * LOW HITPOINT WARNING * * *
The sky beast shocks you.
You die...

.........#
#.....)...........#
#####....#
#.................#
#....#
#.................#
#....#
#..............[..#
#....#
#.................#
#....#
#...........#######
#....#
#...........#
######
#...........#
#....@......#
######Y######
.....S..# .........
..........
...........
............
.....Y......#
............#


You could see a sky beast (invisible).

Vanquished Creatures
  2 hounds
  2 adders (D:2)
  2 worms (D:2)
  A dart slug (D:1)
  5 orcs (D:4)
  3 ball pythons (D:2)
  5 endoplasms
  A giant cockroach (D:3)
  5 goblins
  3 hobgoblins (D:1)
  5 kobolds (D:2)
  A quokka (D:2)
  4 bats
  A frilled lizard (D:1)
  3 rats (D:1)
43 creatures vanquished.

Notes
Turn   | Place    | Note
-------+----------+-------------------------------------------
     0 | D:1      | Bane the Formicid Monk began the quest for the Orb.
     0 | D:1      | Reached XP level 1. HP: 18/18 MP: 1/1
   132 | D:1      | Reached XP level 2. HP: 24/24 MP: 2/2
   234 | D:1      | Found a faded altar of an unknown god.
   712 | D:2      | Reached XP level 3. HP: 30/30 MP: 3/3
  1094 | D:2      | Reached skill level 1 in Armour
  1289 | D:2      | Reached XP level 4. HP: 26/37 MP: 4/4
  1996 | D:4      | Reached XP level 5. HP: 16/42 MP: 5/5
  2292 | D:4      | Noticed a sky beast
  2304 | D:4      | HP: 2/42 [sky beast (5)]
  2304 | D:4      | Slain by a sky beast

Illustrated notes

Levels and vault maps discovered:
D:1:      scummos_arrival_checkerplants, layout_basic,
          hellmonk_ecumenical_altar_arch_garden
D:2:      layout_rooms, serial_glass, glass_columns_a, glass_columns_a,
          glass_columns_b, glass_columns_a, supply_closet_lemuel
D:3:      layout_loops_ring, okawaru_ov_weapons_minmay, kennysheep_minor_cross,
          uniq_robin, uniq_natasha
D:4:      layout_basic, nicolae_shop_overcharged_wands, uniq_menkaure

Skill      XL: |  1  2  3  4 |
---------------+-------------+-----
Armour         | 1 2 |  2.2
Dodging        | 3 |  3.0
Long Blades    | 4 |  4.2
Fighting       | 4 |  4.1
Stealth        | |  2.9

Action                   |  1- 3 |  4- 6 || total
-------------------------+-------+-------++-------
Melee: Falchion          |    81 |    57 ||   138
       Punch             |     1 |     1 ||     2
  Use: Scroll            |       |     4 ||     4
 Stab: Sleeping          |     3 |     2 ||     5
Armor: Robe              |     1 |       ||     1
       Leather armour    |    18 |     6 ||    24
Dodge: Dodged            |    53 |    25 ||    78

Table legend: (Time is in decaauts)
 A = Elapsed time spent in this place.
 B = Non-inter-level travel time spent in this place.
 C = Inter-level travel time spent in this place.
 D = Time resting spent in this place.
 E = Time spent auto-exploring this place.
 F = Levels seen in this place.
 G = Mean time per level.
                   A        B        C        D        E       F      G
               +--------+--------+--------+--------+--------+-----+--------+
         Total |   2320 |   2241 |     79 |    227 |   1588 |   4 |  580.0 |
       Dungeon |   2320 |   2241 |     79 |    227 |   1588 |   4 |  580.0 |
               +--------+--------+--------+--------+--------+-----+--------+

Top non-repeatable levels by time:
     D:2: 1169 daAuts
     D:1: 703 daAuts
     D:4: 362 daAuts
     D:3: 84 daAuts
